 Dungeon Crawl Stone Soup version 0.23-a0-516-g0f8c245 (webtiles) character file.

88 zishaf the Sneak (level 4, -11/27 HPs)
             Began as a Kobold Assassin on Dec 5, 2018.
             Mangled by an ogre
             ... wielding a +0 giant spiked club
              (26 damage)
             ... on level 4 of the Dungeon.
             The game lasted 00:02:39 (2026 turns).

zishaf the Sneak (Kobold Assassin)                  Turns: 2026, Time: 00:02:40

Health: -11/27     AC:  4    Str:  9    XL:     4   Next: 82%
Magic:  4/4        EV: 14    Int: 12    God:
Gold:   103        SH:  0    Dex: 16    Spells: 3/3 levels left

rFire    . . .     SeeInvis .   a - +2 dagger (venom)
rCold    . . .     Gourm    .   (shield restricted)
rNeg     . . .     Faith    .   c - +0 leather armour (curse)
rPois    .         Spirit   .   (no helmet)
rElec    .         Reflect  .   d - +0 cloak
rCorr    .         Harm     .   (no gloves)
MR       .....                  (no boots)
Stlth    +++.......             (no amulet)
HPRegen  0.09/turn              (no ring)
MPRegen  0.09/turn              (no ring)

@: no status effects
A: small, carnivore
a: no special abilities


You were on level 4 of the Dungeon.
You were completely stuffed.

You visited 1 branch of the dungeon, and saw 4 of its levels.

You collected 103 gold pieces.

Inventory:

Hand Weapons
 a - a +2 dagger of venom (weapon)
 b - a +0 blowgun
Missiles
 e - 5 poisoned needles
 f - 2 curare-tipped needles
Armour
 c - a cursed +0 leather armour (worn)
 d - a +0 cloak (worn)
 k - a +0 leather armour
Scrolls
 h - a scroll of identify {unknown}
 i - a scroll of blinking {unknown}
 n - a scroll of fear {unknown}
 p - a scroll of noise {unknown}
 q - 3 scrolls of enchant armour {unknown}
 u - a scroll of remove curse {unknown}
Potions
 j - a potion of agility {unknown}
 l - a potion of cancellation {unknown}
 m - a potion of heal wounds {unknown}
 o - a potion of flight {unknown}
 r - a potion of berserk rage {unknown}
 s - 2 potions of resistance {unknown}
 t - a potion of degeneration {unknown}
Comestibles
 g - 6 rations
 v - 2 chunks of flesh


   Skills:
 + Level 2.8 Fighting
 * Level 4.1 Short Blades
 - Level 2.1 Throwing
 + Level 2.2 Dodging
 * Level 6.4 Stealth


You had 3 spell levels left.
You didn't know any spells.
Your spell library was empty.

Dungeon Overview and Level Annotations

Branches:
Dungeon (3/15)

Altars:
Elyvilon
Fedhas
Hepliaklqana
Trog


Innate Abilities, Weirdness & Mutations

You are small and have problems with some larger weapons.
You are carnivorous and can eat meat at any time.


Message History

You shoot a poisoned needle. The poisoned needle hits the ogre.
The ogre looks even sicker.
The ogre is lightly wounded.
Firing (i - inventory. (/) - cycle)
e - 6 poisoned needles (quivered)
Press: ? - help, Shift-Dir - straight line, f/p - ogre
Aim: an ogre, wielding a +0 giant spiked club (lightly wounded, poisoned)
You shoot a poisoned needle.
The poisoned needle barely misses the ogre.
You see here 23 stones.
The ogre looks more healthy.
Your +2 dagger of venom begins to drip with poison!
a - a +2 dagger of venom (weapon)
The ogre hits you with a +0 giant spiked club!
You completely miss the ogre.
The ogre is moderately wounded.
You hit the ogre.
The ogre is poisoned.
The ogre is moderately wounded.
The ogre hits you with a +0 giant spiked club!!
Ouch! That really hurt!
You die...

................###
......#########...### ......#
##....### ......# ##.....#
...รท..# ##.....##### ......#
##....####..###
......#########...####......###
.............##.####....).....###
.###+#######..#.@O...............
. ##.####.##............ #..#
#..........(....
##.######............ #..#
#.....###.... ##.# #.......#....
#.## ####+##.####. #..# .# #.
##.## # #.


You could see an ogre.

Vanquished Creatures
  A worker ant (D:4)
  2 adders (D:2)
  3 oozes
  2 dart slugs
  2 leopard geckos
  3 bats (D:2)
  4 giant cockroaches
  A goblin (D:2)
  5 hobgoblins
  2 ball pythons (D:1)
  2 kobolds (D:1)
  3 rats (D:2)
30 creatures vanquished.

Notes
Turn   | Place    | Note
-------+----------+-------------------------------------------
     0 | D:1      | zishaf the Kobold Assassin began the quest for the Orb.
     0 | D:1      | Reached XP level 1. HP: 12/12 MP: 1/1
   511 | D:1      | Reached XP level 2. HP: 17/17 MP: 2/2
   897 | D:1      | Reached XP level 3. HP: 22/22 MP: 3/3
  1136 | D:2      | Found a blossoming altar of Fedhas.
  1213 | D:2      | Found a hazy altar of Hepliaklqana.
  1321 | D:2      | Reached skill level 6 in Stealth
  1562 | D:2      | Found a bloodstained altar of Trog.
  1764 | D:2      | Reached XP level 4. HP: 24/27 MP: 4/4
  1915 | D:3      | You fall through a shaft!
  1994 | D:4      | Found a white marble altar of Elyvilon.
  1998 | D:4      | Noticed an ogre
  2026 | D:4      | Mangled by an ogre

Vault maps used:
D:1:      psy_arrival_terrarium, ebering_dispersal_statue_hall
D:2:      fedhas_altar_3, overflow_temple_1_default, lemuel_statue_altar
D:3:      tso_oasis_becter, grunt_temple_overflow_cloverleaf,
          okawaru_ov_weapons_minmay,
          nicolae_gozag_cash_rules_everything_around_me, first_ration,
          minivault_19, hangedman_decor_growths
D:4:      elyvilon_altar_5, nrook_mini_backslash, minmay_misc_feat_x

Skill      XL: |  1  2  3  4 |
---------------+-------------+-----
Short Blades   | 3 4 |  4.1
Stealth        | 6 |  6.4
Dodging        | 2 |  2.2
Fighting       | |  2.8
Throwing       | |  2.1

Action                   |  1- 3 |  4- 6 || total
-------------------------+-------+-------++-------
Melee: Dagger            |    50 |    23 ||    73
 Fire: Blowgun           |       |     3 ||     3
 Stab: Sleeping          |    11 |     3 ||    14
  Eat: Chunk             |     7 |     5 ||    12
Armor: Leather armour    |     9 |     6 ||    15
Dodge: Dodged            |    43 |    10 ||    53

Table legend:
 A = Non-vault XP
 B = Vault XP
 C = Vault XP percentage of total XP
 D = Non-vault monster count
 E = Vault monster count
 F = Vault count percentage of total count
                 A         B        C        D         E       F
            +---------+---------+-------+---------+---------+-------
      Total |     127 |       0 |   0.0 |      30 |       0 |   0.0
            +---------+---------+-------+---------+---------+-------
        D:1 |      29 |       0 |   0.0 |      10 |       0 |   0.0
        D:2 |      49 |       0 |   0.0 |      13 |       0 |   0.0
        D:3 |       3 |       0 |   0.0 |       1 |       0 |   0.0
        D:4 |      46 |       0 |   0.0 |       6 |       0 |   0.0
            +---------+---------+-------+---------+---------+-------
